 Dungeon Crawl Stone Soup version 0.31-a0-430-gf8416d752b (webtiles) character file.

Game seed: 2706796141729916424

9006 Bnni the Geomancer (level 11, 0/83 (87) HPs)
             Began as a Formicid Earth Elementalist on July 31, 2023.
             Was a Believer of Cheibriados.
             Killed from afar by a gargoyle (20 damage)
             ... with a stone arrow
             ... on level 10 of the Dungeon.
             The game lasted 00:25:24 (10093 turns).

Bnni the Geomancer (Formicid Earth Elementalist)   Turns: 10093, Time: 00:25:25

HP:   0/83 (87)     AC: 11    Str: 18    XL:     11   Next: 66%
MP:   11/20         EV: 12    Int: 29    God:    Cheibriados [**....]
Gold: 574           SH:  0    Dex: 28    Spells: 12/22 levels left

rFire   . . .        E - +1 dagger (venom)
rCold   . . .        (no shield)
rNeg    . . .        s - +3 leather armour of Peek-a-Boo {Contam Int+5 Dex+9 SInv}
rPois   .            (helmet unavailable)
rElec   .            j - +2 cloak
rCorr   .            o - +0 pair of gloves
SInv    +            (no boots)
Will    +....        G - amulet of the acrobat
Stlth   +++          g - ring of wizardry
HPRegen 0.33/turn    K - ring of flight
MPRegen 0.17/turn

%: acrobat, wizardry (x1)
@: flying, lightly drained, very slow
A: permanent stasis, dig shafts and tunnels, antennae 3, four strong arms
a: Dig, Shaft Self, Renounce Religion, Bend Time


You were on level 10 of the Dungeon.
You worshipped Cheibriados.
Cheibriados was pleased with you.
You visited 2 branches of the dungeon, and saw 11 of its levels.
You also visited: Ossuary.

You collected 574 gold pieces.

Inventory:

Hand Weapons
 E - a +1 dagger of venom (weapon)
Missiles
 A - 15 poisoned darts
 D - 2 throwing nets
Armour
 j - a +2 cloak (worn)
 o - a +0 pair of gloves (worn)
 s - the +3 leather armour of Peek-a-Boo (worn) {Contam Int+5 Dex+9 SInv}
   (You found it on level 3 of the Dungeon)

   Int:       It affects your intelligence (+5).
   Dex:       It affects your dexterity (+9).
   SInv:      It lets you see invisible.
   Contam:    It causes magical contamination when unequipped.
 B - a +4 ring mail
Jewellery
 g - a ring of wizardry (left hand)
 G - an amulet of the acrobat (around neck)
 I - a ring of fire
 K - a ring of flight (right hand)
Wands
 a - a wand of roots (5)
 d - a wand of quicksilver (20)
 k - a wand of paralysis (10)
 F - a wand of polymorph (8)
Scrolls
 e - 2 scrolls of enchant armour
 h - 3 scrolls of fog
 l - 2 scrolls of acquirement {unknown}
 q - 3 scrolls of fear
 t - 3 scrolls of blinking {unknown}
 x - 5 scrolls of immolation
 y - 3 scrolls of enchant weapon {unknown}
 C - 2 scrolls of poison
Potions
 b - 2 potions of magic
 c - a potion of ambrosia {unknown}
 f - a potion of attraction {unknown}
 i - 2 potions of enlightenment
 m - a potion of heal wounds
 n - 2 potions of resistance
 p - a potion of might {unknown}
 r - a potion of berserk rage {unknown}
 u - a potion of mutation {unknown}
 v - a potion of experience {unknown}
 w - 3 potions of brilliance
 z - 4 potions of curing
 J - 2 potions of cancellation {unknown}


   Skills:
 + Level 8.4 Fighting
 + Level 6.0 Armour
 - Level 1.7 Dodging
 - Level 2.4 Stealth
 - Level 6.3 Spellcasting
 - Level 3.0 Conjurations
 - Level 3.0 Transmutations
 + Level 13.0 Earth Magic
 * Level 8.2 Invocations


You had 12 spell levels left.
You knew the following spells:

 Your Spells              Type           Power      Damage    Failure   Level
a - Sandblast             Erth           100%       2d20      1%          1
b - Passwall              Tmut/Erth      45%        N/A       1%          2
c - Stone Arrow           Conj/Erth      100%       3d13      1%          3
d - Petrify               Tmut/Erth      54%        N/A       1%          4

Your spell library contained the following spells:

 Spells                   Type           Power      Damage    Failure   Level
 Sting                    Tmut/Pois      68%        1d6       1%          1
 Apportation              Tloc           18%        N/A       2%          1
 Freeze                   Ice            36%        1d5       2%          1
 Poisonous Vapours        Pois/Air       18%        N/A       4%          2
 Hailstorm                Conj/Ice       17%        3d6       4%          3
 Frozen Ramparts          Ice            18%        1d3       8%          3
 Olgreb's Toxic Radiance  Pois           9%         N/A       24%         4
 Alistair's Intoxication  Tmut/Pois      11%        N/A       34%         5


Dungeon Overview and Level Annotations

Branches:
Dungeon (10/15)            Temple (1/1) D:7            Lair (0/5) D:9
    Orc (0/2) D:9         Ossuary (visited)

Altars:
Ashenzari
Cheibriados
Dithmenos
Elyvilon
Fedhas
Gozag
Hepliaklqana
Kikubaaqudgha
Makhleb
Nemelex Xobeh
Okawaru
Qazlal
Ru
Sif Muna
Trog
Uskayaw
Vehumet
Wu Jian
Xom
Yredelemnul
Zin
The Shining One

Shops:
D:6 [


Innate Abilities, Weirdness & Mutations

You cannot be hasted, slowed, berserked, paralysed or teleported.
You can dig through walls and to a lower floor.
You have a pair of large antennae on your head. (SInv)
Your four strong arms can wield two-handed weapons with a shield.


Message History

Aiming: Sandblast (safe; 1% risk of failure)
Press: ? - help, Q - select action, (/) - cycle Shift-Dir - straight line, f - gargoyle, p - Sonja
Aim: a gargoyle, wielding a +0 flail (93% to hit)
The blast of sand hits the gargoyle.
The gargoyle is lightly damaged.
The gargoyle hurls a stone arrow at you.
The stone arrow hits you!
A slime creature comes into view.
The gargoyle closely misses you.
The slime creature moves out of view.
Unknown command.
You strike the helpless Sonja from behind!
You puncture Sonja!
Sonja is poisoned.
Sonja is moderately wounded.
A jelly comes into view.
The gargoyle hits you with a +0 flail! The jelly closely misses you.
Sonja hits you with a +2 short sword of draining.
You feel drained.
Sonja hits you with a +2 short sword of draining!
You feel drained. Sonja barely misses you.
The jelly quivers.
You hit Sonja but do no damage.
Sonja looks as sick as possible!
Sonja is moderately wounded.
Sonja stops moving altogether!
The gargoyle hurls a stone arrow at you.
The stone arrow hits you but does no damage.
The jelly closely misses you.
The helpless Sonja fails to defend herself.
You impale Sonja!!
Sonja looks as sick as possible!
You punch Sonja, but do no damage.
Sonja is severely wounded.
The gargoyle hits you with a +0 flail!
* * * LOW HITPOINT WARNING * * *
The jelly closely misses you.
The helpless Sonja fails to defend herself.
You impale Sonja!!
You kill Sonja!
The slime creature quivers.
The gargoyle hurls a stone arrow at you.
The stone arrow hits you!!
You die...

#.##...## #
#.#8....##
..#........# ...
.....<.8.##....
..†......#...#
#8..........# ,
####.†........
..#.#..#.......##
..J.J..9@.......#
....#..J)......##
..............###
##.............#
#.......$.#....###
#.........##......#
#
..................##
###
##.................#
#.. ...............#
#.#


You could see a slime creature, a gargoyle and 2 jellies.

Vanquished Creatures
  Erica (D:10)
  Sonja (D:10)
  Pikel (D:8)
  A cyclops (D:8)
  A deep elf pyromancer (D:8)
  Joseph (D:8)
  Maggie (D:10)
  Grinder (D:5)
  2 shadows
  A vampire (D:9)
  4 yaks (D:8)
  2 steam dragons
  4 vampire mosquitoes
  2 acid dragons
  Duvessa (D:5)
  A water moccasin (D:6)
  A sky beast (D:8)
  3 ice beasts
  A black bear (D:7)
  3 centaurs
  2 lemures (D:8)
  2 phantoms
  3 kobold brigands
  5 bullfrogs
  3 scorpions
  Dowan (D:5)
  24 killer bees
  4 howler monkeys
  A lava snake (D:10)
  A gnoll bouda (D:8)
  4 hounds
  3 jellies
  5 sleepcaps
  2 orc priests (D:6)
  A human zombie (Ossuary)
  Terence (D:3)
  5 iguanas
  Natasha (twice) (D:3)
  8 orc wizards
  6 mummies (Ossuary)
  Robin (D:4)
  7 adders
  9 gnolls
  3 shadow imps
  2 white imps
  A worm (D:2)
  A dart slug (D:2)
  23 orcs
  8 ball pythons
  3 bats
  5 endoplasms
  4 giant cockroaches
  A gnoll zombie (Ossuary)
  10 hobgoblins
  3 jackals (D:1)
  16 kobolds
  2 quokkas (D:2)
  4 frilled lizards
  18 goblins
  A goblin zombie (Ossuary)
  3 hobgoblin zombies (Ossuary)
  2 orc zombies (Ossuary)
  8 rats
251 creatures vanquished.

Vanquished Creatures (others)
  An orc (D:8)
1 creature vanquished.

Grand Total: 252 creatures vanquished

Notes
Turn   | Place    | Note
-------+----------+-------------------------------------------
     0 | D:1      | Bnni the Formicid Earth Elementalist began the quest for
                  | the Orb.
     0 | D:1      | Reached XP level 1. HP: 13/13 MP: 3/3
   134 | D:1      | Reached XP level 2. HP: 20/20 MP: 0/5
   200 | D:1      | Reached skill level 4 in Earth Magic
   259 | D:1      | Reached XP level 3. HP: 25/25 MP: 3/6
   364 | D:1      | Reached skill level 1 in Fighting
  1208 | D:2      | Reached XP level 4. HP: 32/32 MP: 3/8
  1269 | D:2      | Found a faded altar of an unknown god.
  1979 | D:3      | Noticed Natasha
  1982 | D:3      | Killed Natasha
  2009 | D:3      | Identified the +3 leather armour of Peek-a-Boo {Contam
                  | Int+5 Dex+9 SInv}
  2014 | D:3      | Reached XP level 5. HP: 38/38 MP: 7/9
  2062 | D:3      | Reached skill level 5 in Earth Magic
  2150 | D:3      | Noticed Terence
  2200 | D:3      | Killed Terence
  2347 | D:3      | Noticed Natasha
  2363 | D:3      | HP: 1/38 [cerulean imp/+1 spear[Natasha] (1)]
  2364 | D:3      | Killed Natasha
  2365 | D:3      | Reached XP level 6. HP: 2/44 MP: 7/10
  2694 | D:4      | Found a sand-covered staircase.
  2739 | D:4      | Reached skill level 6 in Earth Magic
  2770 | Ossuary  | Entered an ossuary
  2903 | Ossuary  | Reached XP level 7. HP: 22/52 MP: 12/12
  3414 | D:4      | Noticed Robin
  3421 | D:4      | Killed Robin
  3495 | D:4      | Reached skill level 7 in Earth Magic
  3943 | D:5      | Entered Level 5 of the Dungeon
  3994 | D:5      | Reached XP level 8. HP: 58/60 MP: 14/14
  4040 | D:5      | Noticed Dowan
  4055 | D:5      | Noticed Grinder
  4331 | D:5      | Learned a level 2 spell: Passwall
  4335 | D:5      | Learned a level 3 spell: Stone Arrow
  4340 | D:5      | Learned a level 4 spell: Petrify
  4597 | D:5      | Killed Grinder
  4598 | D:5      | Reached skill level 8 in Earth Magic
  4742 | D:5      | Reached skill level 5 in Spellcasting
  5091 | D:5      | Noticed Duvessa
  5104 | D:5      | Killed Duvessa
  5108 | D:5      | Killed Dowan
  5109 | D:5      | Reached skill level 1 in Conjurations
  5177 | D:6      | Reached skill level 5 in Fighting
  5182 | D:6      | Reached skill level 9 in Earth Magic
  5184 | D:6      | Reached XP level 9. HP: 64/68 MP: 9/17
  5814 | D:6      | Found Cahoerik's Antique Armour Boutique.
  5959 | D:6      | Found an ancient bone altar of Kikubaaqudgha.
  5962 | D:6      | Reached skill level 10 in Earth Magic
  5970 | D:6      | Found a radiant altar of Vehumet.
  5975 | D:6      | Reached skill level 1 in Armour
  6009 | D:6      | Found a shimmering blue altar of Sif Muna.
  6630 | D:7      | Reached XP level 10. HP: 77/77 MP: 11/19
  6810 | D:7      | Found a staircase to the Ecumenical Temple.
  6819 | Temple   | Entered the Ecumenical Temple
  6831 | Temple   | Became a worshipper of Cheibriados the Contemplative
  6928 | D:7      | Reached skill level 11 in Earth Magic
  6928 | D:7      | Reached skill level 1 in Invocations
  7315 | D:8      | Reached * piety under Cheibriados
  7463 | D:8      | Noticed Joseph
  7473 | D:8      | Killed Joseph
  7677 | D:8      | Noticed Pikel
  7695 | D:8      | Killed Pikel
  7837 | D:8      | Noticed a deep elf pyromancer
  7843 | D:8      | Killed a deep elf pyromancer
  7844 | D:8      | Reached skill level 12 in Earth Magic
  7844 | D:8      | Reached skill level 5 in Invocations
  8245 | D:8      | Reached XP level 11. HP: 66/84 MP: 15/20
  8499 | D:8      | Noticed a cyclops
  8521 | D:8      | Killed a cyclops
  8522 | D:8      | Reached skill level 5 in Armour
  8925 | D:9      | Found a hide-covered altar of Uskayaw.
  9014 | D:9      | Found a staircase to the Lair.
  9182 | D:9      | Found a staircase to the Orcish Mines.
  9524 | D:10     | Entered Level 10 of the Dungeon
  9533 | D:9      | Reached ** piety under Cheibriados
  9761 | D:10     | Noticed Erica
  9770 | D:10     | Killed Erica
  9772 | D:10     | Noticed Maggie
  9778 | D:10     | Killed Maggie
  9870 | D:10     | Reached skill level 13 in Earth Magic
 10083 | D:10     | Noticed Sonja
 10093 | D:10     | Killed Sonja
 10093 | D:10     | Killed from afar by a gargoyle

Illustrated notes

Levels and vault maps discovered:
D:1:      saegor_arrival_simple_d, layout_rooms, kennysheep_boxes
D:2:      layout_rooms, serial_curves, eino_curves_01, eino_curves_04,
          ebering_ecumenical_altar_mist, minmay_misc_feat_more_columns
D:3:      layout_basic, uniq_natasha, uniq_terence
D:4:      layout_rooms, nicolae_ossuary_entry_ruins, minmay_small_thing,
          uniq_robin
D:5:      layout_gridville, hellmonk_bongcloud_opening,
          chequers_decorated_corner, kennysheep_crisscross, uniq_grinder,
          uniq_duvessa
D:6:      layout_loops_ring, palyth_temple_overflow_mages,
          nicolae_take_the_stairs, lexackson_kobold_supper
D:7:      layout_loops_ring, minmay_temple_entry_trees, serial_bayou_pond_c
D:8:      layout_basic, uniq_pikel, uniq_joseph
D:9:      layout_roguey, kennysheep_mini, dpeg_oklobed_lair, orc_0_dummy
D:10:     layout_cave_pools, trove_entry_hex_spiral, chequers_jeans,
          grunt_ministairs_1, kennysheep_doodads, jiyva_altar_1, uniq_sonja,
          uniq_erica, uniq_maggie
Temple:   mainiacjoe_temple_coin_purse

Skill      XL: |  1  2  3  4  5  6  7  8  9 10 11 |
---------------+----------------------------------+-----
Earth Magic    | 4 5 6 7 9 10 12 13 | 13.0
Fighting       | 1 2 3 5 6 7 8 |  8.4
Transmutations | 2 3 |  3.0
Spellcasting   | 3 4 5 6 |  6.3
Conjurations   | 1 3 |  3.0
Armour         | 2 4 6 |  6.0
Invocations    | 5 8 |  8.2
Dodging        | |  1.7
Stealth        | |  2.4

Action                     |  1- 3 |  4- 6 |  7- 9 | 10-12 || total
---------------------------+-------+-------+-------+-------++-------
  Melee: Unarmed           |     8 |       |       |       ||     8
         Dagger            |       |    10 |    16 |    37 ||    63
         Hand axe          |       |    91 |    91 |       ||   182
         Punch             |       |     3 |     1 |     2 ||     6
  Throw: Dart              |       |       |     7 |     5 ||    12
   Cast: Sandblast         |    31 |    42 |   137 |   148 ||   358
         Petrify           |       |       |       |     4 ||     4
         Stone Arrow       |       |       |       |     2 ||     2
  Evoke: Wand              |       |       |       |     3 ||     3
    Use: Scroll            |       |       |     5 |     8 ||    13
         Potion            |       |       |     2 |     2 ||     4
   Stab: Sleeping          |     1 |     3 |     4 |     1 ||     9
         Distracted        |       |       |     1 |       ||     1
         Petrified         |       |       |       |     7 ||     7
         Petrifying        |       |       |       |     1 ||     1
 Armour: Robe              |     3 |     3 |       |       ||     6
         Leather armour    |       |    45 |    78 |    43 ||   166
         Skin              |       |       |    17 |    23 ||    40
  Dodge: Dodged            |    16 |    70 |   118 |    94 ||   298

Table legend: (Time is in decaauts)
 A = Elapsed time spent in this place.
 B = Non-inter-level travel time spent in this place.
 C = Inter-level travel time spent in this place.
 D = Time resting spent in this place.
 E = Time spent auto-exploring this place.
 F = Levels seen in this place.
 G = Mean time per level.
                   A        B        C        D        E       F      G
               +--------+--------+--------+--------+--------+-----+--------+
         Total |  10990 |  10514 |    476 |   1739 |   6777 |  12 |  915.8 |
       Dungeon |  10583 |  10132 |    451 |   1605 |   6777 |  10 | 1058.3 |
        Temple |     27 |      3 |     24 |      0 |      0 |   1 |   27.0 |
       Ossuary |    380 |    380 |      0 |    134 |      0 |   1 |  380.0 |
               +--------+--------+--------+--------+--------+-----+--------+

Top non-repeatable levels by time:
     D:8: 1921 daAuts
     D:5: 1147 daAuts
     D:6: 1060 daAuts
     D:7: 1048 daAuts
     D:4: 1044 daAuts
     D:9: 1020 daAuts
     D:1: 1002 daAuts
     D:3: 870 daAuts
     D:2: 843 daAuts
    D:10: 626 daAuts
 Ossuary: 380 daAuts
  Temple: 27 daAuts
